 Dungeon Crawl Stone Soup version 0.27.1 (webtiles) character file.

Game seed: 15389908030928554350

18 boopmooplesden the Shield-Bearer (level 2, -3/27 HPs)
             Began as a Minotaur Fighter on Aug 27, 2021.
             Killed from afar by an orc wizard (4 damage)
             ... with a magic dart
             ... on level 2 of the Dungeon.
             The game lasted 00:01:01 (720 turns).

boopmooplesden the Shield-Bearer (Minotaur Fighter)  Turns: 720, Time: 00:01:01

Health: -3/27      AC:  8    Str: 20    XL:     2   Next: 51%
Magic:  1/1        EV:  7    Int:  5    God:
Gold:   25         SH:  0    Dex:  9    Spells: 1/1 levels left

rFire    . . .     SeeInvis .   a - +0 war axe
rCold    . . .     Faith    .   c - +0 kite shield
rNeg     . . .     Spirit   .   b - +0 scale mail
rPois    .         Reflect  .   (helmet restricted)
rElec    .         Harm     .   (no cloak)
rCorr    .         Rampage  .   g - +0 pair of gloves
Will     .....                  (no boots)
Stlth    ..........             (no amulet)
HPRegen  0.09/turn              (no ring)
MPRegen  0.07/turn              (no ring)

@: confused
A: horns 2, retaliatory headbutt
a: no special abilities


You were on level 2 of the Dungeon.
You visited 1 branch of the dungeon, and saw 2 of its levels.

You collected 25 gold pieces.

Inventory:

Hand Weapons
 a - a +0 war axe (weapon)
Armour
 b - a +0 scale mail (worn)
 c - a +0 kite shield (worn)
 g - a +0 pair of gloves (worn)
Jewellery
 k - a ring of fire
Scrolls
 f - a scroll of magic mapping {unknown}
 h - 2 scrolls of identify {unknown}
 i - a scroll of summoning {unknown}
 j - a scroll of enchant weapon {unknown}
Potions
 d - a potion of might
 e - a potion of curing {unknown}


   Skills:
 + Level 4.0 Fighting
 + Level 2.5 Axes
 + Level 3.9 Armour
 + Level 0.2 Dodging
 + Level 4.0 Shields


You had one spell level left.
You didn't know any spells.
Your spell library was empty.

Dungeon Overview and Level Annotations

Branches:
Dungeon (2/15)

Altars:


Innate Abilities, Weirdness & Mutations

You have a pair of horns on your head.
You reflexively headbutt those who attack you in melee.


Message History

An orc comes into view. It is wielding a +0 hand axe.
The orc wizard mumbles some strange words.
The orc wizard flickers and vanishes!
Deactivating autopickup; reactivate with Ctrl-A.
An adder comes into view.
You block something's attack.
You miss something.
The adder hisses angrily.
You headbutt something. You block something's attack. Something hits you.
You miss something. Something hits you but does no damage.
Your shield prevents you from hitting something.
Something hits you. x2
You miss something.
You hear some strange, mumbled words.
A puff of flame appears from out of thin air!
You block the puff of flame.
You closely miss something. Something hits you. You block something's attack.
You slash something! Your headbutt misses something.
Something hits you but does no damage. x2
You completely miss something. Your headbutt misses something.
Something hits you but does no damage.
You closely miss something.
The giant cockroach waves its antennae.
You hear some strange, mumbled words.
You are confused.
You hear some strange, mumbled words.
A magic dart appears from out of thin air!
The magic dart hits you!
You miss something. Your headbutt misses something.
Something hits you but does no damage.
You bump into the rock wall.
Something hits you but does no damage.
You barely miss something.
You hear some strange, mumbled words.
A magic dart appears from out of thin air!
The magic dart hits you!
* * * LOW HITPOINT WARNING * * *
Something hits you but does no damage.
A magic dart appears from out of thin air!
The magic dart hits you.
You die...

...#########
............
...##...####
#####+#####...####
................. .
#.........##.### ...
#.........##.#
....o#####.........##.#
....Bo{.@..........##.#
###.S#######.#.....##.#
# #.#.######.# #.#+#
#.. #.. #.. #... #...


You could see an adder, 2 orcs and a giant cockroach.

Vanquished Creatures
  4 endoplasms (D:1)
  A giant cockroach (D:1)
  2 goblins (D:1)
  2 hobgoblins (D:1)
  A quokka (D:1)
  3 bats
  3 rats (D:1)
16 creatures vanquished.

Notes
Turn   | Place    | Note
-------+----------+-------------------------------------------
     0 | D:1      | boopmooplesden the Minotaur Fighter began the quest for the
                  | Orb.
     0 | D:1      | Reached XP level 1. HP: 19/19 MP: 0/0
   187 | D:1      | Reached XP level 2. HP: 24/27 MP: 1/1
   719 | D:2      | HP: 1/27 [something/magic dart (12)]
   720 | D:2      | Killed from afar by an orc wizard

Illustrated notes

Levels and vault maps discovered:
D:1:      minmay_arrival_jagged, layout_basic, hangedman_decor_growths,
          minmay_pentomino_r2
D:2:      layout_basic, shapermc_ecumenical_altar_mp_highgroup

Skill      XL: |  1  2 |
---------------+-------+-----
Shields        | 4 |  4.0
Fighting       | 4 |  4.0
Axes           | |  2.5
Armour         | |  3.9
Dodging        | |  0.2

Action                   || total
-------------------------++-------
Melee: War axe           ||    40
       Headbutt          ||     6
Armor: Scale mail        ||    26
Dodge: Dodged            ||    12
Block: Kite shield       ||    25
